 Dungeon Crawl Stone Soup version 0.29.1-15-g9cfb28693d (webtiles) character file.

Game seed: 3544069842901539682

118 croobank the Firebug (level 4, 0/32 HPs)
             Began as a Demonspawn Fire Elementalist on Apr 14, 2023.
             Slain by Robin
             ... wielding a +0 club
              (3 damage)
             ... on level 2 of the Dungeon.
             The game lasted 00:04:52 (2059 turns).

croobank the Firebug (Demonspawn Fire Elementalist) Turns: 2059, Time: 00:04:53

Health: 0/32       AC:  4    Str:  8    XL:     4   Next: 72%
Magic:  1/7        EV: 12    Int: 19    God:
Gold:   58         SH:  0    Dex: 13    Spells: 1/8 levels left

rFire   + . .      SeeInvis .   a - +0 short sword
rCold   x . .      Faith    .   (no shield)
rNeg    . . .      Spirit   .   g - +0 robe
rPois   .          Reflect  .   (helmet restricted)
rElec   .          Harm     .   (no cloak)
rCorr   .          Rampage  .   (no gloves)
Will    .....                   (no boots)
Stlth   ++........              (no amulet)
HPRegen 0.10/turn               f - ring of fire
MPRegen 0.10/turn               j - ring of flight

@: flying
A: horns 1, yellow scales 1
a: no special abilities


You were on level 2 of the Dungeon.
You visited 1 branch of the dungeon, and saw 2 of its levels.

You collected 58 gold pieces.

Inventory:

Hand Weapons
 a - a +0 short sword (weapon)
 b - a +0 sling
Armour
 d - a +0 ring mail
 g - a +0 robe (worn)
Jewellery
 f - a ring of fire (left hand)
 j - a ring of flight (right hand)
Scrolls
 e - 2 scrolls of identify
 h - a scroll of immolation
 m - a scroll of poison {unknown}
Potions
 c - a potion of attraction
 i - a potion of heal wounds {unknown}
 k - a potion of haste {unknown}
 l - a potion of magic


   Skills:
 + Level 1.3 Fighting
 + Level 2.4 Dodging
 + Level 2.5 Stealth
 + Level 2.6 Spellcasting
 + Level 1.9 Conjurations
 + Level 3.2 Fire Magic


You had one spell level left.
You knew the following spells:

 Your Spells              Type           Power      Damage    Failure   Level
a - Foxfire               Conj/Fire      72%        2x1d7     5%          1
b - Scorch                Fire           44%        2d7       6%          2
c - Flame Wave            Conj/Fire      18%        2d7       47%         4

Your spell library contained the following spells:

 Spells                   Type           Power      Damage    Failure   Level
 Conjure Flame            Conj/Fire      18%        6-21      16%         3
 Inner Flame              Hex/Fire       12%        N/A       24%         3


Dungeon Overview and Level Annotations

Branches:
Dungeon (2/15)

Altars:

Annotations:
D:2 Robin


Innate Abilities, Weirdness & Mutations

You have a pair of small horns on your head.
You are partially covered in yellow scales. (AC +2)


Message History

You don't have enough magic to cast this spell.
Robin zaps a wand.
The roots erupt in riotous growth!
The grasping roots grab you! The grasping roots constrict you.
You shoot a sling bullet. The sling bullet hits Robin.
Robin is severely wounded.
The grasping roots constrict you.
a - a +0 short sword (weapon)
Robin says, "Duck!"
Robin hits you with a +0 club. The grasping roots constrict you.
You are too injured to fight recklessly!
You are too injured to fight recklessly!
You are too injured to fight recklessly!
You hit Robin.
Robin is severely wounded.
Robin hits you with a +0 club.
* * * LOW HITPOINT WARNING * * *
The grasping roots constrict you.
* * * LOW HITPOINT WARNING * * *
The grasping roots release their grip on you.
Casting: Scorch (safe; 6% risk of failure)
Confirm with . or Enter, or press ? or * to list all spells.
You feel a surge of power!
You conjure some foxfire!
Robin closely misses you. What are your orders? t - Shout!
Orders for allies: a - Attack new target. p - Attack previous target. r - Retreat! s - Stop attacking. g - Guard the area. f - Follow me.
Anything else - Cancel.
Gang up on whom?
Press: ? - help, Dir - move target, f/p - Robin
Aim: Robin, wielding a +0 club, wearing a +0 animal skin, wearing a +0 helmet and carrying a wand of roots (6) (severely wounded, more vulnerable to fire, ally target) Attack!
Robin is no longer more vulnerable to fire.
The foxfire hits Robin.
Robin is almost dead.
The foxfire hits Robin but does no damage.
Robin is almost dead.
Robin hits you with a +0 club.
You die...

#.....##.###.##..................
#.....##.# #.##.######...##......
########.# #.##.# #...########
#......#.###.##.# #.).# #
#.###........##.# #...# #
#.###..#.##..##.## #....# #
#)##.........#...###(....# ####
#.##...#.......#.##......# #...
.......####.##.§@g.<.....#####...
#......####.##.####.....##...#.##
#####.......##.##.#....##.# #..##
##########<#.#.....##.# #....
#)##.#.......###†...
#.##(#..........#...
##..........##.#####.
#.....##.##.##.# #.
#.######.##.##.# ####


You could see Robin.

Vanquished Creatures
  Jessica (D:2)
  5 adders (D:2)
  A worm (D:2)
  A ball python (D:1)
  An endoplasm (D:2)
  2 giant cockroaches
  9 goblins
  10 hobgoblins
  A quokka (D:1)
  A bat (D:2)
  A frilled lizard (D:1)
  4 kobolds
  3 rats
40 creatures vanquished.

Vanquished Creatures (others)
  87 foxfires
87 creatures vanquished.

Grand Total: 127 creatures vanquished

Notes
Turn   | Place    | Note
-------+----------+-------------------------------------------
     0 | D:1      | croobank the Demonspawn Fire Elementalist began the quest
                  | for the Orb.
     0 | D:1      | Reached XP level 1. HP: 13/13 MP: 3/3
   566 | D:1      | Gained mutation: You have a pair of small horns on your
                  | head. [demonic ancestry]
   566 | D:1      | Reached XP level 2. HP: 18/19 MP: 0/5
   873 | D:1      | Learned a level 2 spell: Scorch
  1234 | D:2      | Gained mutation: You are partially covered in yellow
                  | scales. (AC +2) [demonic ancestry]
  1234 | D:2      | Reached XP level 3. HP: 25/25 MP: 3/6
  1356 | D:2      | Reached skill level 3 in Fire Magic
  1401 | D:2      | Reached skill level 1 in Fighting
  1401 | D:2      | Reached XP level 4. HP: 32/32 MP: 0/7
  1638 | D:2      | Learned a level 4 spell: Flame Wave
  1958 | D:2      | Noticed Jessica
  1960 | D:2      | Killed Jessica
  2046 | D:2      | Noticed Robin
  2059 | D:2      | Slain by Robin

Illustrated notes

Levels and vault maps discovered:
D:1:      co_arrival_hall_of_pillars, layout_rooms,
          hangedman_decor_clover_reticule, minmay_bisected
D:2:      layout_loops_cross, serial_shops, nicolae_shop_stone, uniq_terence,
          uniq_jessica, uniq_robin

Skill      XL: |  1  2  3 |
---------------+----------+-----
Stealth        | 2 |  2.5
Dodging        | 2 |  2.4
Fire Magic     | 3 |  3.2
Fighting       | 1 |  1.3
Spellcasting   | |  2.6
Conjurations   | |  1.9

Action                   |  1- 3 |  4- 6 || total
-------------------------+-------+-------++-------
Melee: Unarmed           |     1 |       ||     1
       Short sword       |     9 |     6 ||    15
       Headbutt          |     2 |       ||     2
 Fire: Sling             |       |    10 ||    10
 Cast: Foxfire           |    35 |    18 ||    53
       Scorch            |     7 |     7 ||    14
  Use: Scroll            |     4 |       ||     4
Armor: Robe              |     6 |     2 ||     8
Dodge: Dodged            |    19 |     7 ||    26
